[Event "Satka Autumn 2017"]
[Site "Satka"]
[Date "2017.09.16"]
[Round "5"]
[White "Mirgalina, Anna"]
[Black "Nasybullina, Alfia"]
[Result "0-1"]
[ECO "A28"]
[WhiteElo "1308"]
[BlackElo "2045"]
[Annotator "NA RC"]
[PlyCount "54"]
[EventDate "2017.??.??"]
[EventType "swiss"]
[EventCountry "RUS"]
[SourceTitle "playchess.com"]
[Source "ChessBase"]
[SourceQuality "1"]
[TimeControl "5400+30"]

1. c4 e5 2. Nc3 Nf6 3. Nf3 Nc6 4. d4 exd4 {[%emt 0:00:30] LiveBook: 530 Games} 5. Nxd4 Bb4 6. Qd3 {[%emt 0:01:44] A28: English Opening: Four Knights Variation} (6. Bg5 h6 7. Bh4 Bxc3+ 8. bxc3 Ne5 9. e3 O-O 10. Be2 Ng6 11. Bg3 Ne4 12. Qc2 Re8 13. Bd3 Nxg3 14. hxg3 Ne5 15. Be2 d6 16. O-O b6 17. f4 {½-½ (48) Rakhmanov,A (2662)-Matlakov,M (2691) Sochi 2016}) 6... O-O 7. Nxc6 dxc6 8. Qxd8 Rxd8 9. Bd2 $146 ({Find the theoretical novelty and annotate with similar games:} 9. Bg5 Be6 10. e4 h6 11. Bxf6 gxf6 12. f4 Rd4 13. Kf2 f5 {0-1 (29) Fiser,O (1377)-O'Toole,R (1855) LSS email 2012}) 9... Be6 10. e3 Ng4 11. a3 Be7 12. Rc1 $2 {[%emt 0:05:47] [#]} (12. Ne4 $17 {was forced.}) 12... Nxf2 $1 13. Kxf2 Rxd2+ 14. Ke1 Rxb2 15. Be2 Bxa3 16. Rd1 Bb4 17. Rd3 Bxc4 18. Rd7 Bxc3+ 19. Kf2 Bxe2 20. Rxc7 Bh5+ 21. Kg3 Be5+ 22. Kh3 Bxc7 23. g3 f5 24. Kh4 Bg4 25. Kg5 Kf7 26. h3 h6+ 27. Kh4 g5# 0-1

[Event "Satka Autumn 2017"]
[Site "Satka"]
[Date "2017.09.17"]
[Round "6"]
[White "Nasybullina, Alfia"]
[Black "Gutkovich, Polina"]
[Result "1/2-1/2"]
[ECO "D43"]
[WhiteElo "2045"]
[BlackElo "2012"]
[Annotator "NA"]
[PlyCount "156"]
[EventDate "2017.??.??"]
[EventType "swiss"]
[EventCountry "RUS"]
[SourceTitle "playchess.com"]
[Source "ChessBase"]
[SourceQuality "1"]
[TimeControl "5400+30"]

1. d4 d5 2. c4 e6 3. Nc3 c6 4. Nf3 Nf6 5. cxd5 exd5 6. Bg5 Be7 (6... h6 $5 7. Bh4 Bf5 $11) 7. e3 Bf5 8. Be2 h6 {[%emt 0:00:18] D35: Queen's Gambit Declined: Exchange Variation} (8... Nbd7 9. Nd2 O-O 10. Bf4 Re8 11. h3 Nf8 12. g4 Be4 13. Rg1 Bd6 14. Bg3 Bxg3 15. Rxg3 Qb6 16. g5 {1-0 (61) Bellaiche,A (2463)-Ginsburg,G (2454) Jerusalem 2017}) 9. Bh4 Nbd7 10. O-O {[%emt 0:00:37] LiveBook: 3 Games} O-O 11. Qb3 Qb6 12. Qxb6 axb6 13. Rfc1 $146 ({Predecessor:} 13. Ne5 Rfe8 14. Nxd7 Nxd7 15. Bxe7 Rxe7 16. Rfc1 {½-½ (59) Komarov,J (1883)-Raisov,I (2037) Saratov 2015}) 13... b5 14. a4 b4 15. Nd1 Ra5 16. Ne5 (16. Nd2 $1 $11) 16... Nb6 $2 {[%emt 0:02:23] [#]} (16... g5 $17 17. Bg3 Ne4) 17. b3 (17. Rxc6 $1 $16 Nxa4 (17... bxc6 18. Nxc6) 18. Rc7) 17... g5 18. Bg3 Ne4 {[%emt 0:00:36] [#]} 19. Rxc6 $1 Na8 ({Bitte nicht} 19... bxc6 $6 20. Nxc6 Nxg3 21. hxg3 $16 (21. Nxe7+ Kg7 $11)) ({Günstiger ist} 19... Nxa4 $1 $11 20. Bf3 (20. bxa4 bxc6 21. Nxc6 Bd8 $11) (20. Rxh6 Nac3 $11) 20... Bd8) 20. Rxh6 Kg7 $1 21. Bg4 Bxg4 22. Nxg4 Nxg3 23. hxg3 f5 24. Re6 Kf7 25. Rxe7+ Kxe7 26. Ne5 Rc8 27. Nd3 Rc6 28. Rb1 Nc7 29. g4 fxg4 30. Kh2 Kf6 (30... Ne8 $11 {hält das Gleichgewicht.}) 31. Rb2 ({Better is} 31. Nxb4 $16 Rb6 32. Nd3) 31... Na6 32. Kg3 Kf5 33. Rd2 Nc7 {[%emt 0:04:10] [#]} 34. Ne5 (34. e4+ $1 $14 Kf6 (34... dxe4 35. Ne3+) 35. Nc5 (35. Kxg4 dxe4 36. Nc5 Nd5 $14) (35. Nxb4 Rb6 $15)) 34... Rc1 35. Nxg4 (35. e4+ $11 Kf6 36. Nxg4+ Kg7 37. exd5) 35... b5 36. axb5 Nxb5 37. e4+ dxe4 38. Nde3+ Kg6 39. Ne5+ Kg7 40. N5c4 Ra8 41. d5 Rc3 42. d6 (42. Kg4 $11) 42... Rd3 ({Natürlich nicht} 42... Rxb3 43. Rd5 $11) 43. Rxd3 exd3 44. Kf3 Rd8 45. Nf5+ Kf6 46. g4 Nc3 47. Ke3 Nd1+ 48. Kf3 Ke6 49. Kg3 Nc3 50. f3 $2 ({White has to play} 50. Kf3 $1 $15) 50... Na2 (50... Nb1 $142 51. Ng7+ Kf7) 51. Kf2 Nc1 52. Ke3 Kd5 53. Nb6+ Kc6 54. Nc4 Nxb3 55. Kxd3 Nc5+ 56. Kd4 Na4 57. Ne5+ Kb5 58. Kd5 b3 59. Nd4+ Kb6 60. Nxb3 Nc3+ 61. Ke6 Nb5 62. Ke7 Ra8 63. d7 Kc7 64. Nc5 Nd4 {[%emt 0:00:41] [#]} 65. Na6+ $1 Kb6 66. Nb4 Kb5 67. d8=Q $2 (67. Nbd3 $18 {bietet bessere Gewinnchancen.}) 67... Rxd8 68. Kxd8 Kxb4 69. Ke7 ({Better is} 69. Ke8 $16) 69... Kc5 70. Kf7 Kd6 $1 71. Kf6 (71. f4 $5 gxf4 72. Kf6 $11) 71... Kd5 72. Kxg5 (72. f4 $5 gxf4 73. Nd3 $11) 72... Kxe5 $11 73. f4+ Ke6 74. Kg6 Ke7 75. f5 Kf8 76. Kf6 Nf3 77. Ke6 Ng5+ 78. Kf6 Nf3 1/2-1/2

[Event "Satka Autumn 2017"]
[Site "Satka"]
[Date "2017.09.17"]
[Round "6"]
[White "Nasyrova, Ekaterina"]
[Black "Pogorelskikh, Sofia"]
[Result "1/2-1/2"]
[ECO "D76"]
[WhiteElo "2017"]
[BlackElo "2023"]
[Annotator "NA"]
[PlyCount "206"]
[EventDate "2017.??.??"]
[EventType "swiss"]
[EventCountry "RUS"]
[SourceTitle "playchess.com"]
[Source "ChessBase"]
[SourceQuality "1"]
[TimeControl "5400+30"]

1. d4 Nf6 2. c4 g6 3. g3 Bg7 4. Bg2 d5 5. cxd5 Nxd5 6. Nf3 O-O 7. O-O Nb6 8. Nc3 Nc6 9. e3 e5 10. d5 {[%emt 0:00:45] LiveBook: 466 Games} Nb8 {[%emt 0:05:50] D76: Grünfeldindisch (Fianchetto HV 7... Sb6)} (10... Ne7 $11 11. e4 Bg4 12. h3 Bxf3 13. Qxf3 c6 14. Rd1 cxd5 15. exd5 Nf5 16. d6 Rb8 17. Qd3 Nd7 18. Ne4 Qb6 19. Bg5 Rfc8 20. Rac1 Nd4 21. Be7 f5 22. Ng5 e4 23. Bxe4 fxe4 24. Qxe4 Rc5 25. Rxc5 Qxc5 26. Rxd4 Bxd4 {0-1 (38) Mchedlishvili,M (2601)-Savchenko,B (2618) Subic Bay 2016}) 11. e4 c6 12. Be3 $146 ({Vorgänger:} 12. Qb3 cxd5 13. exd5 Na6 14. Be3 Qd6 15. Rfd1 Rd8 16. a3 Bd7 17. Ng5 Nc5 18. Qb4 {1-0 (28) Kozma,J-Kopriva,J Sternberk 1962}) 12... cxd5 13. exd5 Nc4 14. Bc5 Re8 15. Qe2 b6 16. Qxc4 Ba6 17. Nb5 bxc5 18. a4 Nd7 19. Rfe1 Qa5 (19... e4 $11 {remains equal.} 20. Rxe4 Nb6 21. Rxe8+ Qxe8) 20. Ng5 Nb6 21. Qxc5 Nxa4 $2 (21... Rac8 {is a better defense.} 22. b4 Rxc5 23. bxa5 Nd7) 22. Qc7 Qxb5 23. Qxf7+ Kh8 {[%emt 0:00:05] [#]} 24. Ne6 $2 (24. Nxh7 $1 Qxb2 (24... Kxh7 25. Re4) 25. Rxa4) 24... Rg8 25. d6 Rab8 26. Nc7 (26. Nxg7 $18 Rxg7 27. Qf6) 26... Qb6 27. Rxa4 Rgf8 28. Rxa6 Rxf7 29. Rxb6 Rxb6 30. Rd1 Rd7 31. Ne8 Rxb2 32. Bc6 Rd8 33. d7 Bf8 34. Nd6 Bxd6 35. Rxd6 Rb6 36. Re6 Kg7 37. Re7+ Kf6 38. Re8 Rbb8 39. Kg2 a5 40. Kf3 Kf7 41. Rxe5 Rb3+ 42. Kg2 Rb6 43. Ba4 Ra6 44. Kh3 Kf6 45. Re8 Raa8 46. f4 Kf7 47. Re5 Ra7 48. Kg4 Kf6 49. h4 h5+ 50. Kf3 Rdxd7 51. Bxd7 Rxd7 52. Rxa5 Rd3+ 53. Kf2 Rb3 54. Rg5 Rb2+ 55. Ke3 Rb3+ 56. Kd4 Rb4+ 57. Kc3 Ra4 58. Kb3 Re4 59. Kc3 Ra4 60. Kd3 Ra3+ 61. Ke4 Ra4+ 62. Kf3 Ra3+ 63. Kg2 Ra2+ 64. Kh3 Ra3 65. Re5 Rb3 66. Kg2 Ra3 67. Kf2 Ra2+ 68. Kf3 Ra3+ 69. Kg2 Ra2+ 70. Kh3 Ra3 71. Rb5 Rc3 72. Rb6+ Kf5 73. Rb8 Ra3 74. Rf8+ Ke6 75. Re8+ Kf5 76. Re5+ Kf6 77. Rg5 Rb3 78. Kg2 Rb2+ 79. Kf3 Rb3+ 80. Ke4 Rb4+ 81. Kd3 Rb3+ 82. Kc4 (82. Kc2 $5 Rf3 83. Kd2 $16) 82... Ra3 83. Kb4 Rf3 84. Kc5 Rc3+ 85. Kd6 Rd3+ 86. Kc6 Rc3+ 87. Kd7 Rd3+ 88. Ke8 Ra3 89. Kd7 Rd3+ 90. Kc6 Rd4 91. Kb5 Re4 92. Kc5 Ra4 93. Kd6 Rd4+ 94. Kc7 Rc4+ 95. Kd8 Ra4 96. Kc7 Rc4+ 97. Kd6 Rd4+ 98. Kc5 Ra4 99. Kd5 Ra5+ 100. Ke4 Ra4+ 101. Kf3 Ra3+ 102. Kg2 Ra2+ 103. Kh3 Ra3 1/2-1/2

[Event "Satka Autumn 2017"]
[Site "Satka"]
[Date "2017.09.18"]
[Round "7"]
[White "Gutkovich, Polina"]
[Black "Matsenko, Elena"]
[Result "1-0"]
[ECO "E04"]
[WhiteElo "2012"]
[BlackElo "1927"]
[Annotator "NA RC"]
[PlyCount "69"]
[EventDate "2017.??.??"]
[EventType "swiss"]
[EventCountry "RUS"]
[SourceTitle "playchess.com"]
[Source "ChessBase"]
[SourceQuality "1"]
[TimeControl "5400+30"]

1. d4 Nf6 2. c4 e6 3. g3 d5 4. Bg2 dxc4 5. Nf3 Bd7 6. Ne5 Bc6 7. Nxc6 Nxc6 8. Qa4 Qd7 {[%emt 0:00:24] E04: Open Catalan: 5 Nf3} 9. Qxc4 Nd5 10. e3 O-O-O 11. Nc3 {[%emt 0:02:02] LiveBook: 4 Games} Kb8 $146 ({Predecessor:} 11... h5 12. h4 f5 13. Bd2 Kb8 14. O-O-O Nb6 15. Qb5 Nb4 16. Qxd7 Rxd7 17. Bf1 Bd6 18. Kb1 Rhd8 19. Bc1 N4d5 20. Ne2 Nf6 21. Bg2 c6 22. Rhf1 {½-½ (22) Donchenko,A (2567)-Moiseenko,A (2710) Biel 2015}) 12. Bd2 Ncb4 13. O-O Nc6 14. a3 h5 15. b4 Nb6 16. Qb3 h4 17. Rfb1 f5 18. a4 (18. Ne2 $16) 18... hxg3 19. hxg3 Bd6 $2 (19... Bxb4 $11 20. Ne4 Be7) 20. a5 Nc8 21. d5 (21. Na4 $142) 21... exd5 (21... Be5 $16 {might work better.}) 22. b5 ({Not} 22. Qxd5 Be5 $11) (22. Nxd5 $18 {and White stays clearly on top.} Ne5 23. b5) 22... N6e7 23. Nxd5 ({Resist} 23. a6 b6 $11) (23. Ra2 $16) 23... Be5 $2 (23... Bxg3 $1 $11 {and Black has nothing to worry.} 24. b6 cxb6 25. axb6 a6 26. Nxe7 Qxe7) 24. Nxe7 Qxe7 25. Ra2 g5 26. a6 b6 27. Bb4 Qf6 $2 (27... Qe8 $16) 28. f4 gxf4 29. gxf4 Qh4 (29... Rh6 {is a better defense.} 30. fxe5 Qxe5) 30. fxe5 Qh2+ 31. Kf1 f4 32. Rf2 Qh7 33. exf4 Rd3 34. Qc2 Rhd8 35. Re1 $18 (35. Qc6 $142 Rd1+ 36. Be1 Rxe1+ 37. Rxe1 Qd3+ 38. Rfe2 Qxe2+ 39. Kxe2 Rd2+ 40. Kxd2 Ne7 41. Qb7#) 1-0

[Event "Satka Autumn 2017"]
[Site "Satka"]
[Date "2017.09.18"]
[Round "7"]
[White "Surovtseva, Alisa"]
[Black "Nasybullina, Alfia"]
[Result "0-1"]
[ECO "B30"]
[WhiteElo "1623"]
[BlackElo "2045"]
[Annotator "NA RC"]
[PlyCount "96"]
[EventDate "2017.??.??"]
[EventType "swiss"]
[EventCountry "RUS"]
[SourceTitle "playchess.com"]
[Source "ChessBase"]
[SourceQuality "1"]
[TimeControl "5400+30"]

1. e4 c5 2. Nf3 Nc6 3. Bb5 d6 4. d4 cxd4 5. Qxd4 Bd7 6. Bxc6 Bxc6 7. Nc3 Nf6 8. Bg5 e6 9. O-O-O Be7 10. Qd3 Qa5 11. h4 h6 12. Bxf6 {[%emt 0:00:35] B53: Sicilian: 2...d6: Lines with Qxd4} Bxf6 13. Nd4 $1 O-O (13... Rd8 14. Qe3 Qb6 15. Rh3 Bxd4 16. Rxd4 e5 17. Rd1 Qxe3+ 18. Rxe3 h5 19. Rg3 g6 {½-½ (43) Ganguly,S (2654)-Gao,R (2556) Tashkent 2016}) 14. f4 {[%emt 0:09:08] LiveBook: 5 Games} Rfd8 15. g4 Bxd4 16. Qxd4 b5 17. Kb1 $146 ({Find the theoretical novelty and annotate with similar games:} 17. g5 $11 hxg5 (17... h5 18. g6 f6 19. Kb1 b4 {1-0 (41) Egorova,A (1992)-Bykovtsev,A (2059) Durban 2014}) 18. hxg5) 17... b4 $1 18. Ne2 e5 $1 19. Qe3 Qc5 20. Rh3 Rac8 21. fxe5 ({Better is} 21. g5 $15) 21... Qxe5 22. Nd4 (22. Rd4 $17 {was called for.}) 22... Bxe4 23. g5 h5 24. Re1 Re8 25. Re2 Rc4 26. Rd2 {[%emt 0:02:34] [#]} Bg2 $1 27. Qxe5 Rxe5 28. Rhd3 Bf1 29. Nf3 Bxd3 30. cxd3 Rf4 31. Nxe5 dxe5 32. Rh2 Kh7 33. Kc2 Kg6 34. Kd2 Kf5 35. Ke3 Kg4 36. g6 fxg6 37. Rg2+ Kf5 38. Rh2 g5 39. hxg5 Kxg5 40. Rg2+ Kf6 41. Rh2 h4 42. a3 bxa3 43. bxa3 g5 44. Rb2 h3 45. Rb8 h2 46. Rh8 Rh4 47. Rf8+ Ke7 48. Rf1 h1=Q 0-1

[Event "Satka Autumn 2017"]
[Site "Satka"]
[Date "2017.09.19"]
[Round "8"]
[White "Nosacheva, Mariya"]
[Black "Gutkovich, Polina"]
[Result "1-0"]
[ECO "B33"]
[WhiteElo "2077"]
[BlackElo "2012"]
[Annotator "NA RC"]
[PlyCount "93"]
[EventDate "2017.??.??"]
[EventType "swiss"]
[EventCountry "RUS"]
[SourceTitle "playchess.com"]
[Source "ChessBase"]
[SourceQuality "1"]
[TimeControl "5400+30"]

1. e4 c5 2. Nf3 Nc6 3. d4 cxd4 4. Nxd4 Nf6 5. Nc3 e5 6. Ndb5 d6 7. Bg5 a6 8. Na3 b5 9. Nd5 Be7 10. Bxf6 Bxf6 11. c3 O-O 12. Nc2 Rb8 13. h4 Be7 14. g3 {[%emt 0:03:57] B33: Sicilian: Pelikan and Sveshnikov Variations} a5 15. Bg2 Be6 16. Nce3 Qd7 17. O-O Bd8 18. Qd3 Ne7 {[%emt 0:11:59] [#]} 19. Rfd1 $146 ({Find the theoretical novelty and annotate with similar games:} 19. Nxe7+ Bxe7 20. a3 Rfc8 21. Rfd1 g6 {½-½ (40) Shirov,A (2714)-Timofeev,A (2622) Sarajevo 2005}) 19... Nxd5 20. Nxd5 Bb6 21. Rd2 Bc5 22. a3 a4 23. Re1 Qa7 24. Ne3 Kh8 25. h5 {[%emt 0:10:21] [#]} (25. Kh2 $11) 25... Qe7 (25... g6 $1 $17) 26. Bf3 $1 Qg5 27. Kg2 $1 h6 28. Nd5 (28. Rde2 $11) 28... f5 29. Nc7 $2 (29. exf5 $17 {is a better chance.} Bxf5 30. Be4) 29... Bc4 30. Qc2 Rbd8 $2 (30... Rb7 $19 {is more deadly.} 31. Na6 Bb6 32. Rxd6 fxe4 33. Qxe4 Rbf7) 31. Rh1 $2 (31. Nd5 $17 {is tougher.}) 31... Rf7 32. Na6 Ba7 33. exf5 Rxf5 34. Be4 Rf4 35. f3 Rdf8 $2 (35... d5 36. Rhd1 Bb3) 36. Nb4 $2 (36. Rxd6 $17 R4f6 37. Qd1 (37. Rxf6 gxf6 38. Bg6 f5 $19)) 36... Bf7 37. Rxd6 Bxh5 38. Rxh5 Qxh5 39. gxf4 exf4 40. Rg6 Rf6 $18 41. Qd3 Qc5 42. Qd8+ Rf8 43. Qd4 Qe7 44. Rxh6+ Kg8 45. Bh7+ Kh8 46. Bg6+ Kg8 47. Qd5+ 1-0

[Event "Satka Autumn 2017"]
[Site "Satka"]
[Date "2017.09.19"]
[Round "8"]
[White "Simakova, Elena"]
[Black "Vinokur, Yuliya"]
[Result "1-0"]
[ECO "B34"]
[WhiteElo "1951"]
[BlackElo "2086"]
[Annotator "NA RC"]
[PlyCount "99"]
[EventDate "2017.??.??"]
[EventType "swiss"]
[EventCountry "RUS"]
[SourceTitle "playchess.com"]
[Source "ChessBase"]
[SourceQuality "1"]
[TimeControl "5400+30"]

1. e4 c5 2. Nf3 Nc6 3. d4 cxd4 4. Nxd4 Nf6 5. Nc3 e5 6. Ndb5 d6 7. Nd5 Nxd5 8. exd5 Nb8 9. c4 Be7 10. Be2 O-O 11. O-O a6 12. Nc3 Nd7 13. Qc2 {[%emt 0:06:00] B33: Sicilian: Pelikan and Sveshnikov Variations} (13. Rb1 f5 14. b4 e4 15. c5 Ne5 16. Bb2 Bd7 17. a4 Bf6 18. Rc1 Kh8 19. Ba3 Ng6 20. f4 exf3 21. Bxf3 Ne5 {½-½ (46) Polgar,J (2708)-Karjakin,S (2694) Bilbao 2007}) 13... f5 14. f4 {[%emt 0:04:44] LiveBook: 11 Games} Qe8 15. Kh1 $146 ({Find the theoretical novelty and annotate with similar games:} 15. Be3 Bf6 16. Rae1 exf4 17. Bxf4 Be5 18. Bd3 g6 19. b4 b6 20. Kh1 Qd8 21. Ne2 Qc7 {1-0 (51) Kickert,G (1920)-Hannes,D (1922) Willingen 2005}) 15... Kh8 16. Bd2 e4 17. g4 Nc5 18. g5 Qf7 19. b4 Nd7 20. Be3 b6 21. Qa4 Rb8 22. Bd4 Bd8 23. Rg1 b5 24. cxb5 axb5 25. Bxb5 Nb6 {[%emt 0:01:01] [#]} 26. Qb3 $1 Bb7 27. Rgd1 Qh5 28. Be2 Qh4 29. Rf1 h6 30. gxh6 Qxh6 31. a4 $18 Bf6 32. Bxb6 Rbc8 33. Rac1 Qh3 34. Bc4 g5 35. Ne2 Qh6 36. Bd4 Bxd4 37. Nxd4 gxf4 38. Ne6 Rg8 39. Qb2+ Kh7 40. Rxf4 Qh5 41. Qd4 Rg6 42. Rcf1 Rcg8 43. Rxf5 Qh3 44. Rf7+ Kh6 45. Nf4 Rg1+ 46. Rxg1 Qf3+ 47. Rg2 Rxg2 48. Qh8+ Kg5 49. Qg7+ Kh4 50. Qh6+ 1-0

[Event "Satka Autumn 2017"]
[Site "Satka"]
[Date "2017.09.19"]
[Round "8"]
[White "Nasybullina, Dayana"]
[Black "Lomakina, Galja"]
[Result "1/2-1/2"]
[ECO "B13"]
[WhiteElo "1724"]
[BlackElo "1962"]
[Annotator "NA RC"]
[PlyCount "185"]
[EventDate "2017.??.??"]
[EventType "swiss"]
[EventCountry "RUS"]
[SourceTitle "playchess.com"]
[Source "ChessBase"]
[SourceQuality "1"]
[TimeControl "5400+30"]

1. e4 c6 2. d4 d5 3. exd5 cxd5 4. Bd3 Nf6 5. h3 Nc6 6. c3 g6 7. Qc2 {[%emt 0:01:29] B13: Caro-Kann: Exchange Variation and Panov-Botvinnik Attack} (7. Nf3 Bf5 8. Be2 Bg7 9. O-O O-O 10. Bf4 Nh5 11. Be3 Qc7 12. Re1 Rad8 13. Na3 Nf4 14. Bf1 a6 {1-0 (31) Caruana,F (2807)-Navara,D (2737) Saint Louis 2017}) 7... Bg7 8. Bf4 O-O 9. Nf3 Nh5 10. Bh2 Bh6 11. O-O Nf4 12. Bxf4 Bxf4 13. Nbd2 Qd6 14. Rfe1 Qf6 $146 ({Find the theoretical novelty and annotate with similar games:} 14... Bd7) 15. Nb3 Bd6 16. Qe2 Bf5 17. Ne5 Bxd3 18. Qxd3 Rfd8 19. Qe3 e6 20. Nd2 Bxe5 21. dxe5 Qg7 22. Nb3 a6 23. Rac1 b5 24. Nd4 Na5 25. Qe2 Rdc8 26. b3 Qf8 27. Qd2 Nb7 28. b4 Rc4 29. h4 h5 30. Re3 Qh6 31. Qe1 Rac8 32. Ra1 Nd8 33. a4 bxa4 34. Rxa4 ({White should try} 34. g3) 34... Nc6 35. Nxc6 R8xc6 ({But not} 35... R4xc6 36. Ra1 $11) 36. Qe2 Qf4 ({Better is} 36... Rxc3 $19 37. Rxc3 Rxc3) 37. g3 Qf5 38. Kg2 Qb1 39. Qa2 Qxa2 40. Rxa2 Kf8 41. Kf1 Ke7 $11 42. Rd3 Re4 43. Re2 Rec4 44. Ra2 Rb6 45. f3 Rbc6 46. Ke2 Kd7 47. Kd2 Kc7 48. Rc2 Kb6 49. Rd4 Kb5 50. Rd3 Rc8 51. Ra2 Rd8 52. Ra5+ Kb6 53. Rd4 Rc7 54. Ra3 Rg8 55. f4 Rgc8 56. Kd3 Rf8 57. c4 dxc4+ 58. Rxc4 Rd8+ 59. Kc3 Rcd7 60. Kb3 Rd3+ 61. Rc3 R3d4 62. Rc4 Rd1 63. Rc3 R8d4 64. Ka4 a5 65. Rcb3 Rc4 66. Ra2 Rd5 67. Ka3 axb4+ 68. Rxb4+ Rxb4 69. Kxb4 Rd3 70. Rg2 Kc6 71. Kc4 Ra3 72. Kd4 Kb5 73. Rb2+ Kc6 74. Rc2+ Kb7 75. Rc3 Rxc3 76. Kxc3 Kc7 77. Kd2 Kb6 78. Ke3 Kc5 79. Kf3 Kd4 80. g4 Kd3 81. gxh5 gxh5 82. f5 Kd4 83. Kf4 Kd5 84. fxe6 fxe6 85. Kg5 Kxe5 86. Kg6 Kf4 87. Kxh5 Kf5 88. Kh6 e5 89. h5 Kf6 90. Kh7 e4 91. h6 Kf7 92. Kh8 e3 93. h7 1/2-1/2

[Event "Satka Autumn 2017"]
[Site "Satka"]
[Date "2017.09.20"]
[Round "9"]
[White "Gutkovich, Polina"]
[Black "Mukhina, Jana"]
[Result "0-1"]
[ECO "D10"]
[WhiteElo "2012"]
[BlackElo "1923"]
[Annotator "NA RC"]
[PlyCount "80"]
[EventDate "2017.??.??"]
[EventType "swiss"]
[EventCountry "RUS"]
[SourceTitle "playchess.com"]
[Source "ChessBase"]
[SourceQuality "1"]
[TimeControl "5400+30"]

1. d4 d5 2. c4 c6 3. Nc3 dxc4 4. a4 e5 5. dxe5 Qxd1+ 6. Nxd1 Be6 {[%emt 0:05:03] D10: Slav Defence: 3 cxd5 (without early Nf3) and 3 Nc3} (6... Nd7 7. Nf3 Bb4+ 8. Nc3 Nc5 9. Nd4 Ne4 10. Bd2 Nxd2 11. Kxd2 f6 12. exf6 Nxf6 13. f3 a6 14. e4 {1-0 (49) Pascua,H (2386)-Gomez,J (2520) Tagaytay City 2013}) 7. e4 Na6 8. f4 Nb4 9. Ne3 Bc5 10. f5 $146 ({Predecessor:} 10. Rb1 Nd3+ 11. Bxd3 cxd3 12. b3 g6 13. Nf3 O-O-O 14. Ng5 {½-½ (37) Goreacinic,D (2317)-Geske,J (2383) Offenbach 2012}) 10... Bxe3 11. Bxe3 Nc2+ 12. Kd2 Nxa1 13. fxe6 Nb3+ ({Don't play} 13... fxe6 $6 14. Bxc4 Rd8+ 15. Kc1 $16) 14. Kc3 Na5 (14... b5 $17 15. exf7+ Kxf7) 15. Nf3 (15. exf7+ $11 Kxf7 16. Nf3) 15... Nh6 16. Ng5 f6 (16... b6 $11) 17. exf6 gxf6 18. Nf3 Ng4 19. Bd4 Ke7 20. h3 Ne5 $1 21. Nxe5 fxe5 22. Bxe5 Rhg8 $1 23. Be2 Rxg2 24. Bg4 (24. Bf3 $17 Rgg8 25. Bg4) 24... Rd8 25. Kb4 b6 26. Ka3 {[%emt 0:01:30] [#]} h5 $1 27. Bf5 c5 28. h4 Rd3+ 29. Bc3 Nc6 30. Rf1 Nb4 31. Rc1 Rf3 32. a5 b5 33. Bh7 Nd3 34. Rb1 b4+ 35. Ka4 bxc3 36. bxc3 Ra2+ (36... a6 $142 37. Rb7+ Kf6 38. Ka3 Nb4 39. e5+ Kxe5 40. Bb1 Rxc3+ 41. Ka4 Rgg3 42. Bd3 Rcxd3 43. Rh7 Ra3#) 37. Kb5 Rb2+ 38. Rxb2 Nxb2 39. Ka6 Rxc3 40. Kxa7 Nd3 $19 0-1

[Event "Satka Autumn 2017"]
[Site "Satka"]
[Date "2017.09.20"]
[Round "9"]
[White "Lomakina, Galja"]
[Black "Pogorelskikh, Sofia"]
[Result "1-0"]
[ECO "A04"]
[WhiteElo "1962"]
[BlackElo "2023"]
[Annotator "NA RC"]
[PlyCount "69"]
[EventDate "2017.??.??"]
[EventType "swiss"]
[EventCountry "RUS"]
[SourceTitle "playchess.com"]
[Source "ChessBase"]
[SourceQuality "1"]
[TimeControl "5400+30"]

1. Nf3 c5 2. d3 Nc6 3. g3 g6 4. Bg2 Bg7 5. O-O e6 6. e4 Nge7 7. Nc3 O-O 8. Bg5 h6 {[%emt 0:03:19] B24: Closed Sicilian: 3 g3 sidelines} 9. Be3 d6 (9... Nd4 10. Nd2 d5 11. f4 Nxc2 12. Qxc2 d4 13. Bf2 dxc3 14. bxc3 b6 15. Rfd1 e5 16. fxe5 Bxe5 {1-0 (42) Bryzgalin,K (2473)-Kurochkin,V (2423) Moscow 2006}) 10. Qd2 Kh7 11. Rae1 e5 $146 ({Predecessor:} 11... Nd4 12. Nd1 e5 13. Nh4 g5 14. Bxd4 cxd4 15. Nf5 Bf6 16. f4 gxf4 17. gxf4 Nxf5 18. exf5 {0-1 (35) Egri,L-Lengyel,F (2285) Budapest 1993}) 12. Nh4 Be6 13. f4 exf4 14. gxf4 f5 15. Kh1 Qd7 16. Rg1 Nd4 17. Bf2 Rae8 18. b3 (18. Nd1 $11) 18... b6 19. Nd1 fxe4 20. dxe4 d5 21. c3 Ndc6 $1 22. exd5 Nxd5 $2 {[%emt 0:05:33] [#]} (22... Bxd5 $11 {and Black stays safe.} 23. Bxd5 Qxd5+ 24. Qxd5 Nxd5) 23. Nxg6 $1 Rf6 24. Be4 Kg8 {[%emt 0:01:05] [#]} 25. Bh4 $1 Rf7 26. f5 Nxc3 $2 (26... Nf6 27. Qxd7 (27. fxe6 Qxd2 28. Bxc6 Rc7 $14) 27... Bxd7) 27. Qxd7 Bxd7 28. Nxc3 Bxc3 29. Ne5+ Kf8 30. Nxd7+ Rxd7 31. Bxc6 Bxe1 32. Bxe1 Rf7 33. Bxe8 Kxe8 34. Rf1 Ke7 {[%emt 0:00:15] [#]} 35. f6+ $18 1-0

[Event "Satka Autumn 2017"]
[Site "Satka"]
[Date "2017.09.20"]
[Round "9"]
[White "Chan, Naruna"]
[Black "Simakova, Elena"]
[Result "1-0"]
[ECO "B22"]
[WhiteElo "1951"]
[BlackElo "1951"]
[Annotator "NA RC"]
[PlyCount "105"]
[EventDate "2017.??.??"]
[EventType "swiss"]
[EventCountry "RUS"]
[SourceTitle "playchess.com"]
[Source "ChessBase"]
[SourceQuality "1"]
[TimeControl "5400+30"]

1. e4 c5 2. c3 d5 3. exd5 Qxd5 4. d4 Nf6 5. Nf3 e6 6. Be3 cxd4 7. cxd4 Be7 8. Nc3 Qd6 9. Bd3 O-O 10. O-O Nc6 11. a3 b6 12. Rc1 Bb7 {[%emt 0:01:34] B22: Sicilian: 2 c3} 13. Bb1 Rac8 14. Qd3 Rfd8 15. Rfd1 g6 16. Ba2 Kg7 $146 ({Predecessor:} 16... Qb8 17. Qe2 Rd7 18. h3 Re8 19. Bh6 Bf8 20. Bg5 {½-½ (60) Toufighi,H (2429)-Alavi,S (2454) Mashhad 2015}) 17. Qe2 Nd5 18. Nxd5 exd5 19. h4 Kg8 20. h5 Re8 21. Qd2 Bf6 22. Bf4 Qd7 23. Bg5 Bh8 24. Rc3 Re4 25. Bb1 Re6 26. Qf4 Qc7 27. Qh4 f6 (27... Qd7 $16 {was called for.}) 28. Bf4 ({Don't play} 28. hxg6 $6 hxg6 29. Bd2 Qg7 $16) 28... Qf7 29. Qg3 ({Much less strong is} 29. hxg6 $6 hxg6 30. Qg3 f5 $18) 29... Ne7 30. Nh4 $2 (30. Rxc8+ $18 Bxc8 31. hxg6 hxg6 32. Rc1) 30... Rxc3 31. bxc3 g5 32. Nf5 Qxh5 33. Rc1 $1 Bg7 ({Black should play} 33... Bc8 $14) 34. Be3 (34. Bd6 $16 Nxf5 35. Bxf5) 34... Nxf5 35. Bxf5 Re8 (35... Re7 $1 $11) 36. Bd7 $2 (36. Qc7 $18 Qf7 {[#]} 37. Bxh7+ $1 Kf8 38. Qh2) 36... Rf8 (36... Re7 $1 $11 {keeps the balance.} 37. Qb8+ Bf8 38. Qxb7 Qf7) 37. Qc7 Ba6 38. Qxa7 Bc4 39. Bf5 (39. Qxb6 $18 f5 40. Qe6+ Kh8 41. Bd2) 39... b5 40. Qd7 Qe8 41. Qd6 Kh8 42. Qh2 h6 43. Qh3 Qf7 44. Be6 Qe7 45. Bf5 Qf7 46. Ra1 Ra8 47. g3 Bf8 48. Kg2 Kg7 49. Rh1 h5 {[%emt 0:00:42] [#]} 50. Bg4 $1 h4 $2 (50... Bd3) 51. gxh4 $18 gxh4 52. Bh6+ Kg8 53. Be6 1-0